 Dungeon Crawl Stone Soup version 0.28-a0-461-g2dc4ca5097 (webtiles) character file.

Game seed: 3627968152593973991

73 heikuro the Stinger (level 4, 0/30 HPs)
             Began as a Formicid Venom Mage on Sept 14, 2021.
             Shot with an arrow by a centaur (5 damage)
             ... on level 3 of the Dungeon.
             The game lasted 00:05:10 (2370 turns).

heikuro the Stinger (Formicid Venom Mage)           Turns: 2370, Time: 00:05:11

Health: 0/30       AC:  2    Str: 12    XL:     4   Next: 51%
Magic:  0/8        EV: 12    Int: 16    God:
Gold:   49         SH:  0    Dex: 11    Spells: 1/8 levels left

rFire   . . .      SeeInvis +   k - +0 falchion
rCold   . . .      Faith    .   (no shield)
rNeg    . . .      Spirit   .   a - +0 robe
rPois   .          Reflect  .   (helmet unavailable)
rElec   .          Harm     .   (no cloak)
rCorr   .          Rampage  .   (no gloves)
Will    .....                   (no boots)
Stlth   ++........              (no amulet)
HPRegen 0.10/turn               (no ring)
MPRegen 0.11/turn               (no ring)

@: no status effects
A: permanent stasis, dig shafts and tunnels, antennae 3, four strong arms
a: Dig, Shaft Self


You were on level 3 of the Dungeon.
You visited 1 branch of the dungeon, and saw 3 of its levels.

You collected 49 gold pieces.

Inventory:

Hand Weapons
 d - a +0 short sword
 k - a +0 falchion (weapon)
Missiles
 b - 2 atropa-tipped darts
Armour
 a - a +0 robe (worn)
Wands
 n - a wand of iceblast (9)
Scrolls
 c - 2 scrolls of teleportation {unknown}
 e - a scroll of summoning {unknown}
 g - a scroll of enchant armour {unknown}
 h - 2 scrolls of vulnerability {unknown}
 j - a scroll of amnesia {unknown}
 l - a scroll of identify {unknown}
Potions
 f - a potion of heal wounds {unknown}
 i - a potion of haste {unknown}
 m - a potion of lignification {unknown}


   Skills:
 + Level 0.4 Long Blades
 - Level 1.7 Dodging
 + Level 3.3 Stealth
 + Level 2.7 Spellcasting
 + Level 2.0 Transmutations
 * Level 5.2 Poison Magic


You had one spell level left.
You knew the following spells:

 Your Spells              Type           Power      Damage    Failure   Level
a - Sting                 Tmut/Pois      52%        1d5       4%          1
b - Poisonous Vapours     Pois/Air       20%        N/A       10%         2
c - Olgreb's Toxic Radia  Pois           18%        N/A       22%         4

Your spell library contained the following spells:

 Spells                   Type           Power      Damage    Failure   Level
 Corpse Rot               Necr/Air       N/A        N/A       28%         2
 Mephitic Cloud           Conj/Pois/Air  7%         N/A       28%         3


Dungeon Overview and Level Annotations

Branches:
Dungeon (3/15)

Altars:


Innate Abilities, Weirdness & Mutations

You cannot be hasted, slowed, berserked, paralysed or teleported.
You can dig through walls and to a lower floor.
You have a pair of large antennae on your head. (SInv)
Your four strong arms can wield two-handed weapons with a shield.


Message History

You start resting.
Magic restored.
You start resting.
HP restored.
A centaur comes into view.
Casting: Sting (safe; 4% risk of failure)
Confirm with . or Enter, or press ? or * to list all spells.
Aiming: Poisonous Vapours (safe; 10% risk of failure)
Press: ? - help, Dir - move target, f - centaur
Aim: a centaur, quivering arrows (asleep) Poisonous vapours surround the centaur!
The centaur is poisoned.
The centaur shouts!
Casting: Poisonous Vapours (safe; 10% risk of failure)
Confirm with . or Enter, or press ? or * to list all spells.
Aiming: Poisonous Vapours (safe; 10% risk of failure)
Press: ? - help, Dir - move target, f/p - centaur
Aim: a centaur, quivering arrows (poisoned) Poisonous vapours surround the centaur!
The centaur looks even sicker.
Unknown command.
Casting: Poisonous Vapours (safe; 10% risk of failure)
Confirm with . or Enter, or press ? or * to list all spells.
Aiming: Poisonous Vapours (safe; 10% risk of failure)
Press: ? - help, Dir - move target, f/p - centaur
Aim: a centaur, quivering arrows (lightly wounded, very poisoned) Poisonous vapours surround the centaur!
The centaur looks even sicker.
The centaur wields a +0 shortbow.
The centaur shoots an arrow.
The arrow hits you.
The centaur shoots an arrow.
The arrow hits you.
The centaur shoots an arrow.
The arrow closely misses you.
Casting: Poisonous Vapours (safe; 10% risk of failure)
Confirm with . or Enter, or press ? or * to list all spells.
Aiming: Poisonous Vapours (safe; 10% risk of failure)
Press: ? - help, Dir - move target, f/p - centaur
Aim: a centaur, wielding a +0 shortbow and quivering arrows (moderately wounded, very poisoned) Poisonous vapours surround the centaur!
The centaur looks even sicker.
The centaur shoots an arrow.
The arrow hits you!
Ouch! That really hurt!
* * * LOW HITPOINT WARNING * * *
The centaur shoots an arrow.
The arrow hits you.
You die...

#### #....##
#...###### ##
#c..@..# #<
......#####.#
#. .##.. #.#
#. #. #.# #.
.c #.# #. ..
#.# #. . #.#
#. #.# #. #.#
#.


You could see a centaur (very poisoned).

Vanquished Creatures
  2 adders
  A dart slug (D:2)
  11 endoplasms
  A giant cockroach (D:2)
  4 goblins
  7 hobgoblins
  A kobold (D:1)
  6 ball pythons
  5 bats
  2 frilled lizards
  8 rats
48 creatures vanquished.

Notes
Turn   | Place    | Note
-------+----------+-------------------------------------------
     0 | D:1      | heikuro the Formicid Venom Mage began the quest for the
                  | Orb.
     0 | D:1      | Reached XP level 1. HP: 13/13 MP: 3/3
   168 | D:1      | Reached XP level 2. HP: 12/19 MP: 1/5
   291 | D:1      | Learned a level 2 spell: Poisonous Vapours
   637 | D:1      | Reached XP level 3. HP: 20/24 MP: 1/6
  1873 | D:2      | Reached skill level 5 in Poison Magic
  1873 | D:2      | Reached XP level 4. HP: 30/30 MP: 4/7
  1878 | D:2      | Learned a level 4 spell: Olgreb's Toxic Radiance
  2362 | D:3      | Noticed a centaur
  2370 | D:3      | Shot with an arrow by a centaur

Illustrated notes

Levels and vault maps discovered:
D:1:      lemuel_arrival_behind_the_door_small, layout_rooms
D:2:      layout_basic, grunt_ministairs_2
D:3:      layout_basic, nicolae_wu_jian_wuxing_cycle,
          nemelex_spade_bored_becter, shapermc_ecumenical_altar_gd,
          minmay_misc_feat_diagonals, minmay_liquid_box, uniq_jessica

Skill      XL: |  1  2  3  4 |
---------------+-------------+-----
Stealth        | 3 |  3.3
Poison Magic   | 5 |  5.2
Transmutations | 2 |  2.0
Long Blades    | |  0.4
Dodging        | |  1.7
Spellcasting   | |  2.7

Action                   |  1- 3 |  4- 6 || total
-------------------------+-------+-------++-------
Melee: Unarmed           |     7 |       ||     7
       Short sword       |    16 |       ||    16
       Falchion          |     1 |     9 ||    10
 Cast: Sting             |    30 |     5 ||    35
       Poisonous Vapours |    25 |     5 ||    30
       Olgreb's Toxic Ra |       |     2 ||     2
Armor: Robe              |     6 |     1 ||     7
Dodge: Dodged            |    31 |     9 ||    40

Table legend: (Time is in decaauts)
 A = Elapsed time spent in this place.
 B = Non-inter-level travel time spent in this place.
 C = Inter-level travel time spent in this place.
 D = Time resting spent in this place.
 E = Time spent auto-exploring this place.
 F = Levels seen in this place.
 G = Mean time per level.
                   A        B        C        D        E       F      G
               +--------+--------+--------+--------+--------+-----+--------+
         Total |   2374 |   2298 |     76 |    820 |    920 |   3 |  791.3 |
       Dungeon |   2374 |   2298 |     76 |    820 |    920 |   3 |  791.3 |
               +--------+--------+--------+--------+--------+-----+--------+

Top non-repeatable levels by time:
     D:1: 1124 daAuts
     D:2: 966 daAuts
     D:3: 283 daAuts
